 Dungeon Crawl Stone Soup version 0.29.0-4-gdea44cf6ec (webtiles) character file.

Game seed: 6174429614408433051

762 qw the Cleaver (level 7, -7/41 HPs)
             Began as a Tengu Warper on Aug 28, 2022.
             Mangled by a gnoll bouda
             ... wielding a +0 spear
              (8 damage)
             ... on level 4 of the Dungeon.
             The game lasted 00:00:23 (3647 turns).

qw the Cleaver (Tengu Warper)                       Turns: 3647, Time: 00:00:24

Health: -7/41      AC:  5    Str: 13    XL:     7   Next: 81%
Magic:  0/11       EV: 13    Int: 14    God:
Gold:   202        SH:  0    Dex: 13    Spells: 10/10 levels left

rFire   . . .      SeeInvis .   a - +1 war axe
rCold   . . .      Faith    .   (no shield)
rNeg    . . .      Spirit   +   h - +0 ring mail
rPois   .          Reflect  .   (helmet restricted)
rElec   .          Harm     .   (no cloak)
rCorr   .          Rampage  .   (no gloves)
Will    .....                   (boots unavailable)
Stlth   +.........              g - amulet of guardian spirit
HPRegen 0.13/turn               (no ring)
MPRegen 0.12/turn               (no ring)

@: about to teleport, weakened, flying quickly and evasively, quick
A: beak, talons 3, nimble flight
a: no special abilities


You were on level 4 of the Dungeon.
You visited 1 branch of the dungeon, and saw 4 of its levels.

You collected 202 gold pieces.


Innate Abilities, Weirdness & Mutations

You have a beak for a mouth.
You have claws for feet.
Your magical nature lets you fly swiftly and evasively.


   Skills:
 - Level 3.0 Fighting
 + Level 8.7 Axes
 - Level 1.0 Throwing
 - Level 1.1 Armour
 - Level 3.3 Dodging
 - Level 2.0 Spellcasting
 - Level 2.4 Translocations


You had 10 spell levels left.
You didn't know any spells.
Your spell library contained the following spells:

 Spells                   Type           Power      Damage    Failure   Level
 Blink                    Tloc           16%        N/A       28%         2
 Gell's Gravitas          Tloc           8%         N/A       50%         3
 Lesser Beckoning         Tloc           8%         N/A       50%         3
 Teleport Other           Tloc           8%         N/A       50%         3
 Manifold Assault         Tloc           8%         N/A       99%         5

Inventory:

Hand Weapons
 a - a +1 war axe (weapon)
 d - a +0 whip
Missiles
 n - 2 boomerangs (quivered)
Armour
 h - a +0 ring mail (worn)
Jewellery
 g - an amulet of guardian spirit (around neck)
Scrolls
 k - 2 scrolls of enchant armour
 l - a scroll of teleportation
Potions
 c - a potion of cancellation {unknown}
 e - a potion of mutation {unknown}
 f - a potion of resistance {unknown}
 j - a potion of curing {unknown}
 o - a potion of degeneration {unknown}

Dungeon Overview and Level Annotations

Branches:
Dungeon (4/15)
 Temple: D:4-7

Altars:
Ru
Yredelemnul

Annotations:
D:3 1 runed translucent door, Crazy Yiuf


Message History

Your kick misses the gnoll bouda.
You peck the gnoll bouda, but do no damage.
The gnoll bouda is moderately wounded.
The gnoll bouda barks out a call to the hunt!
A gnoll comes into view. It is wielding a +0 club.
You closely miss the gnoll bouda. You peck the gnoll bouda.
The gnoll bouda is moderately wounded.
The gnoll closely misses you.
The gnoll bouda drinks a potion.
The gnoll bouda seems to grow stronger.
You hit the gnoll bouda but do no damage.
You claw the gnoll bouda, but do no damage.
Your peck misses the gnoll bouda.
The gnoll bouda is moderately wounded.
You hit the gnoll but do no damage. The gnoll closely misses you.
The gnoll bouda hits you with a +0 spear!
You completely miss the gnoll bouda. You claw the gnoll bouda.
The gnoll bouda is severely wounded.
You hit the gnoll. The gnoll hits you with a +0 club.
The gnoll bouda hits you with a +0 spear.
You barely miss the gnoll bouda. Your peck misses the gnoll bouda.
The gnoll bouda is severely wounded.
You hit the gnoll but do no damage. The gnoll hits you with a +0 club.
The gnoll bouda prays to its god.
The gnoll bouda is healed somewhat.
You hit the gnoll bouda. Your kick misses the gnoll bouda.
The gnoll bouda is severely wounded.
You hit the gnoll. The gnoll barely misses you.
The gnoll bouda gazes fiercely through you!
You feel as though you will be weak longer.
The gnoll bouda hits you with a +0 spear!
3647 ||| READING 2 scrolls of teleportation.
As you read the scroll of teleportation, it crumbles to dust.
You feel strangely unstable. The gnoll completely misses you.
The gnoll barely misses you.
The gnoll bouda hits you with a +0 spear!
You die...

##############
.............#
.............#
......ggg....#
#@##..# #####.##..##
#..'.......#
..'..#.....%.#
############%###
...............#
<.................#
.................#
......n.........####


You could see a gnoll bouda (strong) and 2 gnolls.

Vanquished Creatures
  Grinder (D:3)
  Menkaure (D:4)
  A black bear (D:4)
  A bullfrog (D:4)
  A scorpion (D:4)
  A jelly (D:4)
  A howler monkey (D:4)
  A hound (D:4)
  Jessica (D:2)
  An iguana (D:4)
  3 adders
  3 gnolls (D:4)
  A worm (D:3)
  A dart slug (D:3)
  3 ball pythons
  8 bats
  6 endoplasms
  A giant cockroach (D:4)
  7 hobgoblins
  6 kobolds
  4 quokkas
  4 frilled lizards (D:1)
  9 goblins
  3 rats
69 creatures vanquished.

Notes
Turn   | Place    | Note
-------+----------+-------------------------------------------
     0 | D:1      | qw the Tengu Warper began the quest for the Orb.
     0 | D:1      | Reached XP level 1. HP: 12/12 MP: 4/4
     0 | D:1      | 0 ||| qw: Version: 0.1-a-89-g26bdef1
     0 | D:1      | 0 ||| qw: Game counter: 2903
     0 | D:1      | 0 ||| qw: Always use a shield: true
     0 | D:1      | 0 ||| qw: God list: Okawaru
     0 | D:1      | 0 ||| qw: Allow faded altars: false
     0 | D:1      | 0 ||| qw: Do Orc after D:15 true
     0 | D:1      | 0 ||| qw: Do second Lair branch before Depths: true
     0 | D:1      | 0 ||| qw: Lair rune preference: random
     0 | D:1      | 0 ||| qw: Plans: Normal
     0 | D:1      | 0 ||| PLANNING D:1-11
    62 | D:1      | Reached skill level 3 in Axes
    62 | D:1      | Reached XP level 2. HP: 10/17 MP: 6/6
   289 | D:1      | 289 ||| Stepping ~*~*~tactically~*~*~ (stealth).
   845 | D:1      | 845 ||| UPGRADING to +0 ring mail.
   855 | D:1      | 855 ||| DROPPING +0 leather armour.
   856 | D:1      | 856 ||| READING scroll labelled APOBIU WIBAYTUTTAL.
   857 | D:1      | 857 ||| READING scroll labelled VEKHIEV ILEC.
   858 | D:1      | 858 ||| READING scroll labelled SACYRI URATISI.
   859 | D:1      | 859 ||| READING scroll labelled VIQUUTOYDY.
   860 | D:1      | 860 ||| READING scroll labelled HYLAER BYUKOSA.
   861 | D:1      | 861 ||| READING 3 scrolls labelled ACOVVU ONOCVI.
   866 | D:1      | 866 ||| DROPPING scroll of blinking.
   890 | D:2      | 890 ||| Stepping ~*~*~tactically~*~*~ (stealth).
   896 | D:2      | Reached XP level 3. HP: 21/21 MP: 7/7
  1108 | D:2      | Reached skill level 4 in Axes
  1135 | D:2      | Noticed Jessica
  1136 | D:2      | 1136 ||| Stepping ~*~*~tactically~*~*~ (hiding).
  1139 | D:2      | 1139 ||| Stepping ~*~*~tactically~*~*~ (hiding).
  1145 | D:2      | Killed Jessica
  1146 | D:2      | Reached XP level 4. HP: 7/26 MP: 8/8
  1626 | D:2      | 1626 ||| UPGRADING to amulet of guardian spirit.
  1631 | D:2      | 1631 ||| READING scroll labelled BIUNETHR BOUN.
  1632 | D:2      | 1632 ||| DRINKING 2 glowing silvery potions.
  1936 | D:3      | Found a faded altar of an unknown god.
  1947 | D:3      | Reached skill level 5 in Axes
  2232 | D:3      | Noticed Grinder
  2233 | D:3      | 2233 ||| Stepping ~*~*~tactically~*~*~ (hiding).
  2242 | D:3      | Paralysed by Grinder for 4 turns
  2248 | D:3      | Killed Grinder
  2248 | D:3      | HP: 6/26 [dart slug/slug dart (1)]
  2249 | D:3      | Reached skill level 7 in Axes
  2249 | D:3      | Gained mutation: Your magical nature lets you fly swiftly
                  | and evasively. [Tengu growth]
  2249 | D:3      | Reached XP level 5. HP: 7/30 MP: 2/9
  2249 | D:3      | Reached XP level 6. HP: 8/35 MP: 2/10
  2249 | D:3      | 2249 ||| READING 3 scrolls of teleportation.
  2250 | D:3      | 2250 ||| DRINKING 2 potions of heal wounds.
  2494 | D:3      | Found a runed translucent door.
  2495 | D:3      | Noticed Crazy Yiuf
  2498 | D:3      | 2498 ||| READING 2 scrolls labelled LOEMOY PEEL.
  2616 | D:3      | 2616 ||| READING scroll labelled GUPLOE XONU.
  2617 | D:3      | 2617 ||| DRINKING 2 bubbling ruby potions.
  2618 | D:3      | 2618 ||| DROPPING potion of magic.
  2619 | D:3      | 2619 ||| DROPPING scroll of torment.
  2826 | D:4      | Reached skill level 3 in Fighting
  2842 | D:4      | 2842 ||| FLEEEEING.
  2843 | D:4      | 2843 ||| FLEEEEING.
  2844 | D:4      | 2844 ||| FLEEEEING.
  2845 | D:4      | 2845 ||| FLEEEEING.
  2846 | D:4      | 2846 ||| FLEEEEING.
  2847 | D:4      | 2847 ||| FLEEEEING.
  2848 | D:4      | 2848 ||| FLEEEEING.
  2849 | D:4      | 2849 ||| FLEEEEING.
  2850 | D:4      | 2850 ||| FLEEEEING.
  2851 | D:4      | 2851 ||| FLEEEEING.
  2852 | D:4      | 2852 ||| FLEEEEING.
  2853 | D:4      | 2853 ||| FLEEEEING.
  2857 | D:4      | 2857 ||| FLEEEEING.
  2858 | D:4      | 2858 ||| STAIRDANCE
  2946 | D:4      | Reached XP level 7. HP: 41/41 MP: 11/11
  3084 | D:4      | 3084 ||| Stepping ~*~*~tactically~*~*~ (stealth).
  3109 | D:4      | 3109 ||| SWAPPING to +0 war axe.
  3110 | D:4      | 3110 ||| DROPPING +1 hand axe.
  3126 | D:4      | Reached skill level 8 in Axes
  3254 | D:4      | 3254 ||| Stepping ~*~*~tactically~*~*~ (stealth).
  3268 | D:4      | Reached skill level 3 in Dodging
  3446 | D:4      | Found a sacrificial altar of Ru.
  3453 | D:4      | Found a basalt altar of Yredelemnul.
  3477 | D:4      | Noticed Menkaure
  3478 | D:4      | 3478 ||| FLEEEEING.
  3483 | D:4      | 3483 ||| Stepping ~*~*~tactically~*~*~ (hiding).
  3485 | D:4      | 3485 ||| Stepping ~*~*~tactically~*~*~ (hiding).
  3491 | D:4      | HP: 6/41 [Menkaure/nerve-wracking pain (10)]
  3492 | D:4      | 3492 ||| READING 3 scrolls of teleportation.
  3493 | D:4      | 3493 ||| DRINKING potion of heal wounds.
  3495 | D:4      | Killed Menkaure
  3623 | D:4      | 3623 ||| READING scroll of enchant weapon.
  3623 | D:4      | 3623 ||| ENCHANTING +0 war axe.
  3633 | D:4      | 3633 ||| Stepping ~*~*~tactically~*~*~ (stealth).
  3646 | D:4      | HP: 1/41 [gnoll bouda/+0 spear (13)]
  3647 | D:4      | 3647 ||| READING 2 scrolls of teleportation.
  3647 | D:4      | Mangled by a gnoll bouda

Levels and vault maps discovered:
D:1:      nzn_arrival_crosshair, layout_basic
D:2:      layout_rooms, uniq_jessica
D:3:      layout_loops_ring, hellmonk_ecumenical_altar_lost_god,
          uniq_crazy_yiuf_cottage, uniq_grinder
D:4:      layout_gridville, mainiacjoe_overflow_large_starburst,
          elyvilon_altar_1, uniq_menkaure, uniq_sigmund

Skill      XL: |  1  2  3  4  5  6  7 |
---------------+----------------------+-----
Axes           | 3 4 7 8 |  8.7
Fighting       | 3 |  3.0
Dodging        | 3 |  3.3
Throwing       | |  1.0
Armour         | |  1.1
Spellcasting   | |  2.0
Translocations | |  2.4

Action                   |  1- 3 |  4- 6 |  7- 9 || total
-------------------------+-------+-------+-------++-------
Melee: Hand axe          |    52 |    81 |     9 ||   142
       Peck              |     5 |    16 |    14 ||    35
       Kick              |    16 |    16 |    20 ||    52
       War axe           |       |       |    37 ||    37
Throw: Boomerang         |     7 |    22 |    12 ||    41
  Use: Scroll            |     6 |     4 |     3 ||    13
       Potion            |       |     3 |     1 ||     4
Armor: Leather armour    |     3 |       |       ||     3
       Ring mail         |     3 |    25 |    11 ||    39
Dodge: Dodged            |    21 |    43 |    36 ||   100

Table legend:
 A = Non-vault XP
 B = Vault XP
 C = Vault XP percentage of total XP
 D = Non-vault monster count
 E = Vault monster count
 F = Vault count percentage of total count
                 A         B        C        D         E       F
            +---------+---------+-------+---------+---------+-------
      Total |     618 |     471 |  43.3 |      66 |       3 |   4.3
            +---------+---------+-------+---------+---------+-------
        D:1 |      31 |       0 |   0.0 |      19 |       0 |   0.0
        D:2 |      23 |      37 |  61.7 |      14 |       1 |   6.7
        D:3 |      38 |     262 |  87.3 |      13 |       1 |   7.1
        D:4 |     526 |     172 |  24.6 |      20 |       1 |   4.8
            +---------+---------+-------+---------+---------+-------
